 Dungeon Sprint DCSS version 0.31-a0-841-g038b102fc3 (webtiles) character file.

Game seed: 17526820320453680964

7405 sircluck the Brawler (level 10, -9/178 HPs)
             Began as a Troll Berserker on Sept 27, 2023.
             Was a High Priest of Trog.
             Mangled by a merfolk
             ... wielding a +0 trident
             ... led by a merfolk javelineer
              (22 damage)
             ... in the Dungeon (Sprint VII: "The Pits").
             The game lasted 00:03:13 (1082 turns).

sircluck the Brawler (Troll Berserker)              Turns: 1082, Time: 00:03:14

Health: -9/178     AC:  4    Str: 34    XL:     10   Next: 92%
Magic:  9/9        EV: 13    Int:  6    God:    Trog [*****.]
Gold:   0          SH:  0    Dex:  9    Spells: 9/9 levels left

rFire   . .          .
                       - Unarmed
rCold   . . .        (no shield)
rNeg    . . .        a - +0 animal skin
rPois   .            (helmet restricted)
rElec   .            (no cloak)
rCorr   .            (gloves unavailable)
SInv    .            (boots unavailable)
Will    .....        (no amulet) Stlth
                     l - +3 ring of strength
HPRegen 1.29/turn    k - +3 ring of intelligence
MPRegen 0.11/turn

%: no teleportation
@: berserking (expiring), very quick
A: large, unfitting armour, claws 3, regeneration 1, shaggy fur 1, tough skin 1
a: Renounce Religion, Berserk, Trog's Hand, Brothers in Arms


You were in the Dungeon.
You worshipped Trog.
Trog was extremely pleased with you.
You visited 1 branch

Inventory:

Missiles
 o - 5 silver javelins
Armour
 a - a +0 animal skin (worn)
Jewellery
 k - a +3 ring of intelligence (right claw)
 l - a +3 ring of strength (left claw)
Scrolls
 i - 2 scrolls of vulnerability
 j - a scroll of summoning
Potions
 b - 6 potions of curing
 c - 4 potions of heal wounds
 d - 3 potions of haste
 e - 4 potions of magic
 f - 4 potions of berserk rage
 h - 2 potions of invisibility
 m - 3 potions of mutation
 n - a potion of resistance


   Skills:
 + Level 13.4 Fighting
 + Level 13.2 Dodging
 + Level 15.6 Unarmed Combat


You had 9 spell levels left.
You didn't know any spells.
Your spell library was empty.

Dungeon Overview and Level Annotations

Branches:
Dungeon (1/1)

Altars:
Ashenzari
Cheibriados
Dithmenos
Elyvilon
Fedhas
Gozag
Hepliaklqana
Kikubaaqudgha
Makhleb
Nemelex Xobeh
Okawaru
Qazlal
Ru
Sif Muna
Trog
Uskayaw
Vehumet
Wu Jian
Xom
Yredelemnul
Zin
The Shining One
Jiyva
Lugonu


Innate Abilities, Weirdness & Mutations

You are too large for most types of armour.
You have claws for hands.
Your natural rate of healing is unusually fast.
You are covered in fur. (AC +1)
You have tough skin. (AC +1)


Message History

You feel much better.
The minotaur throws a javelin.
The javelin pierces through you!
* * * LOW HITPOINT WARNING * * *
You feel better.
You feel much better.
Unknown command.
Unknown command.
Your troll bites the minotaur!!
Your troll completely misses the minotaur. x2
A red film seems to cover your vision as you go berserk!
You feel yourself moving faster!
You feel mighty!
The minotaur throws a javelin.
The javelin pierces through you!!
* * * LOW HITPOINT WARNING * * *
Your troll bites the minotaur.
Your troll barely misses the minotaur.
Your troll claws the minotaur.
You feel a strong urge to attack something.
Your troll bites the minotaur!
Your troll claws the minotaur. x2
The merfolk closely misses your troll.
A merfolk comes into view. It is wielding a +0 trident.
The barbed spikes dig painfully into your body as you move.
* * * LOW HITPOINT WARNING * * *
The minotaur hits your troll!
Your troll dies!
Your troll's corpse disappears in a puff of smoke!
The minotaur bellows!
You mangle the minotaur!!
The minotaur is almost dead.
You rip and tear the barbed spikes from your body.
The minotaur hits you!!
* * * LOW HITPOINT WARNING * * *
The minotaur completely misses you.
You eviscerate the minotaur!!!
You kill the minotaur!
Trog accepts your kill. Trog grants you a weapon!
Something appears at your feet!
You see here a +3 heavy quarterstaff.
Unknown command.
The merfolk throws a boomerang.
The boomerang barely misses you.
The merfolk hits you with a +0 trident!!
You die...

##'#####''######################
......##''################
......##..#.....ยงยงยง......#
......##..##.....4).....mm
..<...##..#### #'#
......##).#..#####m##
......##))#....##)4.#
......##..'.....#mm.#
########..'.....@...+
########..'....)#...#
.#..[[##..#....##...#
.#..[[##..#..#####.##
.'..))##..#### #+# .#..))##..#
.#..))##..# ###########


You could see 3 merfolk and a red devil.

Vanquished Creatures
  A minotaur (D)
  2 sea snakes (D)
  A lindwurm (D)
  A rime drake (D)
  A guardian mummy (D)
  2 hellwings (D)
  A spriggan (D)
  6 slime creatures (D)
  A ynoxinul (D)
  A wyvern (D)
  An air elemental (D)
  A water moccasin (D)
  2 floating eyes (D)
  A sky beast (D)
  A black bear (D)
  An orc warrior (D)
  4 wolves (D)
  A centaur (D)
  A necrophage (D)
  2 scorpions (D)
  3 wights (D)
  An orc priest (D)
  An iron imp (D)
  An orc wizard (D)
  A white imp (D)
  2 ufetubi (D)
  2 worms (D)
  2 orcs (D)
  3 bats (D)
  An endoplasm (D)
  A giant cockroach (D)
  A kobold (D)
  2 quokkas (D)
  A frilled lizard (D)
  A jackal simulacrum (D)
  A rat (D)
56 creatures vanquished.

Vanquished Creatures (collateral kills)
  A minotaur (D)
  A deep elf pyromancer (D)
  A guardian serpent (D)
3 creatures vanquished.

Grand Total: 59 creatures vanquished

Notes
Turn   | Place    | Note
-------+----------+-------------------------------------------
     0 | D        | sircluck the Troll Berserker began the quest for the Orb.
     0 | D        | Reached XP level 1. HP: 22/22 MP: 0/0
    57 | D        | Found a bloodstained altar of Trog.
    57 | D        | Found a shimmering blue altar of Sif Muna.
    57 | D        | Found a viscous altar of Jiyva.
    57 | D        | Found a hazy altar of Hepliaklqana.
    57 | D        | Found an opulent altar of Gozag.
    58 | D        | Found a glowing golden altar of the Shining One.
    58 | D        | Found a glowing silver altar of Zin.
    58 | D        | Found a basalt altar of Yredelemnul.
    58 | D        | Found a shimmering altar of Xom.
    58 | D        | Found an ornate altar of the Wu Jian Council.
    58 | D        | Found a sacrificial altar of Ru.
    58 | D        | Found a stormy altar of Qazlal.
    58 | D        | Found an iron altar of Okawaru.
    58 | D        | Found a sparkling altar of Nemelex Xobeh.
    58 | D        | Found a burning altar of Makhleb.
    58 | D        | Found a blossoming altar of Fedhas.
    58 | D        | Found a white marble altar of Elyvilon.
    58 | D        | Found a shadowy altar of Dithmenos.
    58 | D        | Found a snail-covered altar of Cheibriados.
    61 | D        | Found a corrupted altar of Lugonu.
    61 | D        | Found a radiant altar of Vehumet.
    62 | D        | Found an ancient bone altar of Kikubaaqudgha.
    62 | D        | Found a hide-covered altar of Uskayaw.
    62 | D        | Found a broken altar of Ashenzari.
    91 | D        | Noticed a scorpion
    94 | D        | Killed a scorpion
    95 | D        | Reached skill level 5 in Unarmed Combat
    95 | D        | Reached XP level 2. HP: 22/32 MP: 1/1
    95 | D        | Reached XP level 3. HP: 27/39 MP: 2/2
    95 | D        | Reached ** piety under Trog
   110 | D        | Noticed a floating eye
   116 | D        | Paralysed by a floating eye for 4 turns
   121 | D        | Killed a floating eye
   122 | D        | Reached skill level 5 in Fighting
   122 | D        | Reached skill level 5 in Dodging
   122 | D        | Reached skill level 6 in Unarmed Combat
   122 | D        | Reached XP level 4. HP: 50/50 MP: 3/3
   122 | D        | Reached XP level 5. HP: 58/58 MP: 4/4
   130 | D        | Noticed a floating eye
   133 | D        | Reached *** piety under Trog
   135 | D        | Paralysed by a floating eye for 3 turns
   139 | D        | Killed a floating eye
   140 | D        | Reached skill level 7 in Unarmed Combat
   141 | D        | Reached XP level 6. HP: 67/68 MP: 5/5
   200 | D        | Reached **** piety under Trog
   201 | D        | Reached skill level 8 in Unarmed Combat
   223 | D        | Reached ***** piety under Trog
   243 | D        | Received a gift from Trog
   259 | D        | Noticed an orc warrior
   261 | D        | Killed an orc warrior
   262 | D        | Reached skill level 9 in Unarmed Combat
   265 | D        | Noticed a hellwing
   272 | D        | Killed a hellwing
   273 | D        | Reached XP level 7. HP: 56/81 MP: 6/6
   302 | D        | Reached skill level 10 in Unarmed Combat
   309 | D        | Noticed a guardian mummy
   319 | D        | Killed a guardian mummy
   319 | D        | Received a gift from Trog
   320 | D        | Reached XP level 8. HP: 70/92 MP: 7/7
   324 | D        | Reached skill level 11 in Unarmed Combat
   448 | D        | Noticed a sea snake
   464 | D        | Killed a sea snake
   465 | D        | Reached skill level 10 in Fighting
   465 | D        | Reached skill level 10 in Dodging
   465 | D        | Reached skill level 12 in Unarmed Combat
   465 | D        | Reached XP level 9. HP: 23/102 MP: 8/8
   551 | D        | Noticed a guardian serpent
   552 | D        | Noticed a minotaur
   559 | D        | Killed a guardian serpent
   559 | D        | Received a gift from Trog
   560 | D        | Killed a minotaur
   561 | D        | Reached skill level 13 in Unarmed Combat
   721 | D        | Received a gift from Trog
   728 | D        | Reached XP level 10. HP: 115/115 MP: 9/9
   728 | D        | Reached ****** piety under Trog
   729 | D        | Reached skill level 14 in Unarmed Combat
   778 | D        | Received a gift from Trog
   810 | D        | Paralysed by an air elemental for 1 turns
   909 | D        | Noticed a lindwurm
   924 | D        | Killed a lindwurm
   988 | D        | Noticed a sea snake
  1004 | D        | Killed a sea snake
  1008 | D        | Received a gift from Trog
  1009 | D        | Reached skill level 15 in Unarmed Combat
  1064 | D        | Noticed a minotaur
  1067 | D        | Noticed a deep elf pyromancer
  1071 | D        | HP: 3/119 [red devil/+2 demon trident of pain (15)]
  1071 | D        | Killed a deep elf pyromancer
  1081 | D        | Killed a minotaur
  1081 | D        | Received a gift from Trog
  1082 | D        | Mangled by a merfolk

Illustrated notes

Levels and vault maps discovered:
D:        pitsprint [storerooms_1, entrance_room_1, metal_vault_1, armoury_2,
          mini_pit_1, grid_room_1, main_hall_1, silver_pit, the_coven_2,
          the_vestibule_1, steel_vault_4, golden_pit, hallway_of_sentries,
          crystal_vault_2, iron_vault_1, final_vault]

Skill      XL: |  1  2  3  4  5  6  7  8  9 10 |
---------------+-------------------------------+-----
Fighting       | 4 5 6 8 9 10 11 13 | 13.4
Dodging        | 4 5 6 8 9 10 11 13 | 13.2
Unarmed Combat | 5 6 7 9 10 12 13 15 | 15.6

Action                     |  1- 3 |  4- 6 |  7- 9 | 10-12 || total
---------------------------+-------+-------+-------+-------++-------
  Melee: Unarmed           |    13 |    47 |    64 |    61 ||   185
         Punch             |     1 |     3 |     3 |     4 ||    11
 Invoke: Berserk           |       |       |     3 |     2 ||     5
         Brothers in Arms  |       |       |     1 |     1 ||     2
    Use: Potion            |       |       |     1 |     3 ||     4
         Scroll            |       |       |       |     1 ||     1
 Armour: Animal skin       |    10 |    36 |    58 |    47 ||   151
  Dodge: Dodged            |     5 |    21 |    62 |    49 ||   137

Table legend: (Time is in decaauts)
 A = Elapsed time spent in this place.
 B = Non-inter-level travel time spent in this place.
 C = Inter-level travel time spent in this place.
 D = Time resting spent in this place.
 E = Time spent auto-exploring this place.
 F = Levels seen in this place.
 G = Mean time per level.
                   A        B        C        D        E       F      G
               +--------+--------+--------+--------+--------+-----+--------+
         Total |   1077 |   1015 |     62 |    398 |     92 |   1 | 1077.0 |
       Dungeon |   1077 |   1015 |     62 |    398 |     92 |   1 | 1077.0 |
               +--------+--------+--------+--------+--------+-----+--------+

Top non-repeatable levels by time:
       D: 1077 daAuts
